 Dungeon Crawl Stone Soup version 0.31-a0-229-g1fc7ce93e2 (webtiles) character file.

Game seed: 14490662159429171152

156 qw the Shooter (level 5, -15/30 HPs)
             Began as a Gargoyle Hexslinger on July 6, 2023.
             Demolished by an ogre
             ... wielding a +0 giant club
              (23 damage)
             ... on level 4 of the Dungeon.
             The game lasted 00:01:00 (1888 turns).

qw the Shooter (Gargoyle Hexslinger)                Turns: 1888, Time: 00:01:01

Health: -15/30     AC:  9    Str: 12    XL:     5   Next: 38%
Magic:  6/6        EV: 10    Int: 13    God:
Gold:   167        SH:  0    Dex: 14    Spells: 5/6 levels left

rFire   . . .        Y - +1 sling
rCold   . . .        (no shield)
rNeg    + + .        h - +0 ring mail
rPois   inf          (no helmet)
rElec   +            (no cloak)
rCorr   .            (no gloves)
SInv    .            (no boots)
Will    .....        d - amulet of regeneration
Stlth   +            k - ring of positive energy
HPRegen 1.05/turn    (no ring)
MPRegen 0.10/turn

%: no passive effects
@: no status effects
A: sickness immunity, AC +4, negative energy resistance 1, electricity
resistance, torment resistance 1, petrification resistance
a: no special abilities


You were on level 4 of the Dungeon.
You visited 1 branch of the dungeon, and saw 4 of its levels.

You collected 187 gold pieces.
You spent 20 gold pieces at shops.


Innate Abilities, Weirdness & Mutations

You are immune to sickness and miasma.
Your stone body is resilient. (AC +4)
You are immune to poison.
You resist negative energy. (rN+)
You are resistant to electric shocks. (rElec)
You are resistant to unholy torment.
You are immune to petrification.


   Skills:
 - Level 2.0 Fighting
 + Level 4.9 Ranged Weapons
 - Level 1.2 Armour
 - Level 1.5 Dodging
 - Level 1.0 Spellcasting
 - Level 2.6 Hexes


You had 5 spell levels left.
You knew the following spells:

 Your Spells              Type           Power      Damage    Failure   Level
a - Slow                  Hex            28%        N/A       22%         1

Your spell library contained the following spells:

 Spells                   Type           Power      Damage    Failure   Level
 Inner Flame              Hex/Fire       4%         N/A       73%         3
 Portal Projectile        Hex/Tloc       8%         N/A       73%         3
 Cause Fear               Hex            3%         N/A       91%         4

Inventory:

Hand Weapons
 Y - a +1 sling (weapon)
Armour
 a - the +1 leather armour "Fiyhyv Idize" {rC+ Int-5 Stlth+}
   (You found it on level 4 of the Dungeon)

   Int:       It affects your intelligence (-5).
   rC:        It protects you from cold.
   Stlth:     It makes you more stealthy.
 h - a +0 ring mail (worn)
Jewellery
 d - an amulet of regeneration (around neck)
 k - a ring of positive energy (left hand)
Scrolls
 e - 3 scrolls of identify
Potions
 b - a potion of resistance
 f - 2 potions of curing
 g - a potion of might {unknown}
 i - a potion of cancellation
 j - a potion of degeneration {unknown}

Dungeon Overview and Level Annotations

Branches:
Dungeon (4/15)
 Temple: D:4-7

Altars:
Okawaru

Shops:
D:2 ?


Message History

Things that are here:
a +0 short sword; 5 stones; a kobold corpse
There is an open door here.
You open the door.
There is an open door here.
Found a stone staircase leading down.
Enter note:
Enter note:
Found a dagger.
Enter note:
Enter note: You now have 159 gold pieces (gained 13).
Found 3 scrolls of blinking.
Enter note:
Enter note: You now have 167 gold pieces (gained 8).
e - 3 scrolls of identify (gained 1)
An ogre comes into view. It is wielding a +0 giant club.
Found a stone staircase leading down.
The ogre shouts!
You see here 14 gold pieces.
Enter note:
Enter note: You shoot a sling bullet.
The sling bullet barely misses the ogre.
You shoot a sling bullet. The sling bullet hits the ogre.
The ogre is lightly wounded.
You shoot a sling bullet. The sling bullet hits the ogre.
The ogre is moderately wounded.
You shoot a sling bullet.
The sling bullet closely misses the ogre.
You shoot a sling bullet.
The sling bullet barely misses the ogre.
The ogre hits you with a +0 giant club!!
Ouch! That really hurt!
You shoot a sling bullet. The sling bullet hits the ogre.
The ogre is heavily wounded.
The ogre hits you with a +0 giant club!!
Ouch! That really hurt!
You die...

#..##...## #..##....#
>....# .........#
....# .........+
....# ...##....# ...#
...##....# ...
........## #.# ##
........########O#..#
.....>..........@...#
.).##...............#
...##........?......#
....................#
........##....##..###
........########..#
...##...... ..... +##
#........ .....
..........


You could see an ogre.

Vanquished Creatures
  A jelly (D:4)
  An orc wizard (D:3)
  3 adders (D:3)
  A worm (D:2)
  A dart slug (D:1)
  2 orcs (D:3)
  6 endoplasms
  3 giant cockroaches
  5 goblins
  10 hobgoblins
  3 jackals (D:3)
  5 quokkas
  6 ball pythons
  7 bats
  A frilled lizard (D:1)
  4 kobolds
  A rat (D:1)
60 creatures vanquished.

Notes
Turn   | Place    | Note
-------+----------+-------------------------------------------
     0 | D:1      | qw the Gargoyle Hexslinger began the quest for the Orb.
     0 | D:1      | Reached XP level 1. HP: 12/12 MP: 2/2
     0 | D:1      | 0 ||| qw: Version: 0.3-a-46-gb1f654a
     0 | D:1      | 0 ||| qw: Game counter: 1568
     0 | D:1      | 0 ||| qw: Melee chars always use a shield: true
     0 | D:1      | 0 ||| qw: God list: Okawaru
     0 | D:1      | 0 ||| qw: Allow faded altars: false
     0 | D:1      | 0 ||| qw: Do Orc after clearing Dungeon:15 true
     0 | D:1      | 0 ||| qw: Do second Lair branch before Depths: true
     0 | D:1      | 0 ||| qw: Lair rune preference: random
     0 | D:1      | 0 ||| qw: Goals: Normal
     0 | D:1      | 0 ||| PLANNING D:1-11
    44 | D:1      | Reached XP level 2. HP: 16/16 MP: 3/3
   111 | D:1      | Reached skill level 3 in Ranged Weapons
   262 | D:1      | You fall into a shaft and drop 1 floor!
   263 | D:2      | 263 ||| READING scroll labelled QUFO GE QIGGE.
   264 | D:2      | 264 ||| READING scroll labelled OLEXAI QIOBLUI.
   274 | D:2      | 274 ||| READING scroll labelled DATOJA IQIL.
   375 | D:2      | 375 ||| DROPPING scroll of poison.
   507 | D:1      | 507 ||| UPGRADING to amulet of regeneration.
   512 | D:1      | 512 ||| DROPPING ring of flight.
   589 | D:2      | Reached XP level 3. HP: 20/21 MP: 4/4
   607 | D:2      | Found Plog's Magic Scroll Shoppe.
   610 | D:2      | 610 ||| SHOPLISTING scroll of acquirement (520 gold, have
                  | 58).
   610 | D:2      | 610 ||| SHOPLISTING scroll of enchant armour (75 gold, have
                  | 58).
   610 | D:2      | 610 ||| BUYING scroll of identify (20 gold).
   610 | D:2      | Bought a scroll of identify for 20 gold pieces
   992 | D:2      | 992 ||| UPGRADING to +0 ring mail.
  1002 | D:2      | 1002 ||| DROPPING +0 robe.
  1003 | D:2      | 1003 ||| UPGRADING to ring of positive energy.
  1004 | D:2      | 1004 ||| READING scroll labelled QAJY GOYRA.
  1005 | D:2      | 1005 ||| DRINKING 3 sapphire potions.
  1006 | D:2      | 1006 ||| READING 2 scrolls of identify.
  1006 | D:2      | 1006 ||| IDENTIFYING white potion
  1138 | D:3      | Reached XP level 4. HP: 26/26 MP: 5/5
  1141 | D:3      | Reached skill level 4 in Ranged Weapons
  1306 | D:3      | 1306 ||| DRINKING 3 potions of curing.
  1306 | D:3      | 1306 ||| (to cure confusion)
  1308 | D:3      | Reached skill level 1 in Armour
  1353 | D:3      | Found a faded altar of an unknown god.
  1358 | D:3      | Found an iron altar of Okawaru.
  1617 | D:3      | 1617 ||| READING 2 scrolls labelled ARYULA YFYMN.
  1618 | D:3      | 1618 ||| DRINKING 2 bubbling cyan potions.
  1619 | D:3      | 1619 ||| DROPPING scroll of revelation.
  1635 | D:4      | 1635 ||| STAIRDANCE
  1671 | D:4      | Reached XP level 5. HP: 21/30 MP: 6/6
  1672 | D:4      | 1672 ||| FLEEEEING.
  1693 | D:4      | Identified the +1 leather armour "Fiyhyv Idize" {rC+ Int-5
                  | Stlth+}
  1882 | D:4      | Noticed an ogre
  1887 | D:4      | HP: 6/30 [ogre/+0 giant club (24)]
  1888 | D:4      | Demolished by an ogre

Levels and vault maps discovered:
D:1:      mrwooster_arrival_statue_3, layout_rooms
D:2:      layout_basic, serial_shops, shop_statue, minmay_pentomino_p2
D:3:      layout_rooms, nicolae_overflow_ecumenical_swirl,
          chequers_serial_rivers_room_b, kennysheep_generic_room_10
D:4:      layout_gridville

Skill      XL: |  1  2  3  4 |
---------------+-------------+-----
Ranged Weapons | 3 4 |  4.9
Fighting       | 2 |  2.0
Armour         | 1 |  1.2
Dodging        | |  1.5
Spellcasting   | |  1.0
Hexes          | |  2.6

Action                     |  1- 3 |  4- 6 || total
---------------------------+-------+-------++-------
   Fire: Sling             |   165 |   108 ||   273
    Use: Scroll            |     5 |     1 ||     6
         Potion            |     1 |     2 ||     3
 Armour: Robe              |    19 |       ||    19
         Ring mail         |    42 |    66 ||   108
  Dodge: Dodged            |   112 |    36 ||   148

Table legend:
 A = Non-vault XP
 B = Vault XP
 C = Vault XP percentage of total XP
 D = Non-vault monster count
 E = Vault monster count
 F = Vault count percentage of total count
                 A         B        C        D         E       F
            +---------+---------+-------+---------+---------+-------
      Total |     218 |       6 |   2.7 |      57 |       3 |   5.0
            +---------+---------+-------+---------+---------+-------
        D:1 |      29 |       0 |   0.0 |      17 |       0 |   0.0
        D:2 |      20 |       4 |  16.7 |      10 |       2 |  16.7
        D:3 |     104 |       2 |   1.9 |      19 |       1 |   5.0
        D:4 |      65 |       0 |   0.0 |      11 |       0 |   0.0
            +---------+---------+-------+---------+---------+-------
